 Dungeon Crawl Stone Soup version 0.29.0-13-gc9e81de378 (webtiles) character file.

Game seed: 701132386660830044

439 sanka the Ruffian (level 6, -1/59 HPs)
             Began as a Troll Monk on Sept 10, 2022.
             Frozen to death by an endoplasm (5 damage)
             ... in a sewer.
             The game lasted 00:03:19 (2361 turns).

sanka the Ruffian (Troll Monk)                      Turns: 2361, Time: 00:03:19

Health: -1/59      AC:  4    Str: 22    XL:     6   Next: 70%
Magic:  5/5        EV: 10    Int:  6    God:
Gold:   137        SH:  0    Dex: 12    Spells: 5/5 levels left

rFire   . . .      SeeInvis .     - Unarmed
rCold   . . .      Faith    .   (no shield)
rNeg    . . .      Spirit   .   a - +0 robe
rPois   .          Reflect  .   (helmet restricted)
rElec   .          Harm     .   (no cloak)
rCorr   .          Rampage  .   (gloves unavailable)
Will    .....                   (boots unavailable)
Stlth   ++........              (no amulet)
HPRegen 0.99/turn               (no ring)
MPRegen 0.09/turn               o - ring of flight

@: flying
A: large, unfitting armour, claws 3, regeneration 1, shaggy fur 1, tough skin 1
a: no special abilities


You were in a sewer.
You visited 1 branch of the dungeon, and saw 4 of its levels.
You also visited: Sewer.

You collected 137 gold pieces.


Innate Abilities, Weirdness & Mutations

You are too large for most types of armour.
You have claws for hands.
Your natural rate of healing is unusually fast.
You are covered in fur. (AC +1)
You have tough skin. (AC +1)


   Skills:
 - Level 2.4 Fighting
 - Level 2.4 Dodging
 - Level 1.0 Stealth
 + Level 7.7 Unarmed Combat


You had 5 spell levels left.
You didn't know any spells.
Your spell library contained the following spells:

 Spells                   Type           Power      Damage    Failure   Level
 Poisonous Vapours        Pois/Air       0%         N/A       58%         2
 Static Discharge         Conj/Air       0%         3-3/arc   58%         2
 Corpse Rot               Necr/Pois/Air  0%         N/A       99%         4
 Lightning Bolt           Conj/Air       0%         1d11      100%        5
 Maxwell's Capacitive Co  Air            0%         ∞         100%        8

Inventory:

Missiles
 m - 6 curare-tipped darts {=f}
Armour
 a - a +0 robe (worn)
Jewellery
 o - a ring of flight (right claw)
Scrolls
 c - 2 scrolls of enchant weapon {unknown}
 d - a scroll of noise {unknown}
 e - 4 scrolls of identify {unknown}
 h - a scroll of silence {unknown}
 i - 2 scrolls of teleportation {unknown}
 k - 2 scrolls of fog {unknown}
 l - a scroll of vulnerability {unknown}
 p - a scroll of poison {unknown}
Potions
 b - a potion of ambrosia
 f - 2 potions of curing {unknown}
 g - 3 potions of heal wounds {unknown}
 j - a potion of cancellation {unknown}
 n - 2 potions of degeneration {unknown}
 q - a potion of lignification {unknown}
 r - a potion of haste {unknown}

Dungeon Overview and Level Annotations

Branches:
Dungeon (4/15)              Sewer (1/1)
 Temple: D:4-7

Altars:

▒▒ ▒▒▒▒▒
▒▒.
▒▒....▒▒
▒▒..
▒......+
▒...
▒......▒
▒▒...
......▒
▒....
▒▒J~~..▒
▒▒.~.
▒T†~≈~≈▒
▒~~~≈
▒SS≈~~~▒
▒~~≈≈
▒≈~≈~≈≈▒
▒~~≈~
▒≈~~~~≈▒
▒≈≈~~
▒≈▒~≈≈≈▒
▒≈≈≈~
▒≈~≈≈≈≈▒
▒≈≈≈≈
▒≈.~≈≈≈▒
▒≈≈~≈
▒~.~≈≈≈▒
▒≈..~
▒~~≈~≈≈▒
▒≈...


You could see an endoplasm and 2 ball pythons.


Message History

You are frozen.
* * * LOW HITPOINT WARNING * * *
The ball python barely misses you.
The ball python bites you but does no damage.
You claw the bullfrog!
The bullfrog is heavily wounded.
The bullfrog hits you.
* * * LOW HITPOINT WARNING * * *
The ball python barely misses you. The endoplasm freezes you.
You are frozen.
* * * LOW HITPOINT WARNING * * *
The ball python bites you but does no damage.
The bullfrog barely misses you.
You scratch the bullfrog.
The bullfrog is severely wounded.
The ball python barely misses you. The endoplasm freezes you.
You are frozen.
* * * LOW HITPOINT WARNING * * *
The bullfrog hits you but does no damage.
The ball python bites you.
* * * LOW HITPOINT WARNING * * *
You claw the bullfrog!
You kill the bullfrog!
The ball python barely misses you. The ball python closely misses you.
The endoplasm freezes you.
You are frozen.
You die...

Action                   |  1- 3 |  4- 6 || total
-------------------------+-------+-------++-------
Melee: Unarmed           |   163 |   145 ||   308
       Punch             |     3 |     4 ||     7
 Stab: Sleeping          |     1 |     3 ||     4
Armor: Robe              |    69 |    57 ||   126
Dodge: Dodged            |    78 |    85 ||   163

Levels and vault maps discovered:
D:1:      saegor_arrival_simple_b, layout_rooms,
          hellmonk_ecumenical_altar_leap_of_faith, minmay_pentomino_t4
D:2:      layout_loops_corners
D:3:      layout_basic, chequers_serial_rivers_large_b, uniq_grinder
D:4:      layout_loops_cross, grunt_temple_overflow_diamond,
          gup_sewer_entry_pipe
Sewer:    sewer_minmay_w

Notes
Turn   | Place    | Note
-------+----------+-------------------------------------------
     0 | D:1      | sanka the Troll Monk began the quest for the Orb.
     0 | D:1      | Reached XP level 1. HP: 22/22 MP: 0/0
    98 | D:1      | Reached XP level 2. HP: 29/29 MP: 1/1
   194 | D:1      | Reached skill level 4 in Unarmed Combat
   263 | D:1      | Found a faded altar of an unknown god.
   484 | D:2      | Reached XP level 3. HP: 36/36 MP: 2/2
  1674 | D:3      | Noticed Grinder
  1680 | D:3      | Paralysed by Grinder for 3 turns
  1715 | D:3      | Killed Grinder
  1716 | D:3      | Reached skill level 6 in Unarmed Combat
  1716 | D:3      | Reached XP level 4. HP: 26/44 MP: 3/3
  1716 | D:3      | Reached XP level 5. HP: 30/50 MP: 4/4
  1913 | D:3      | Reached XP level 6. HP: 58/59 MP: 5/5
  2109 | D:4      | Found a glowing drain.
  2131 | Sewer    | Entered a sewer
  2153 | Sewer    | Reached skill level 7 in Unarmed Combat
  2360 | Sewer    | HP: 4/59 [frozen (3)]
  2361 | Sewer    | Frozen to death by an endoplasm

Vanquished Creatures
  Grinder (D:3)
  2 bullfrogs (Sewer)
  3 adders
  A gnoll (D:4)
  3 river rats (Sewer)
  A dart slug (D:2)
  2 worms
  6 bats
  5 endoplasms
  10 giant cockroaches
  6 goblins
  6 hobgoblins
  2 jackals (D:2)
  7 kobolds
  10 quokkas
  22 ball pythons
  5 frilled lizards
  26 rats
118 creatures vanquished.
